 Dungeon Crawl Stone Soup version 0.27.1-33-g824d729ab1 (webtiles) character file.

Game seed: 17925409029250257632

317836 raph the Pyromancer (level 22, -9/159 HPs)
             Began as a Human Fire Elementalist on Dec 18, 2021.
             Was an Elder of Sif Muna.
             Mangled by Jory (38 damage)
             ... on level 3 of the Vaults on Dec 19, 2021.
             The game lasted 02:45:01 (88608 turns).

raph the Pyromancer (Human Fire Elementalist)      Turns: 88608, Time: 02:45:01

Health: -9/159     AC: 23    Str: 12    XL:     22   Next: 39%
Magic:  6/46       EV: 18    Int: 37    God:    Sif Muna [****..]
Gold:   1983       SH:  8    Dex: 24    Spells: 4/43 levels left

rFire    + + .     SeeInvis .   a - +9 demon blade of Juph {drain, Contam rElec rC++ rCorr}
rCold    + + +     Faith    .   K - +2 buckler of the Pirate {rC+ Will+}
rNeg     . . .     Spirit   .   G - +1 swamp dragon scales
rPois    +         Reflect  .   J - +1 helmet {Int+3}
rElec    +         Harm     .   q - +2 cloak of the Forgotten Deaths {Str+4}
rCorr    +         Rampage  +   f - +1 pair of gloves "Himparih" {+Inv Will+}
Will     +++..                  U - +2 pair of boots {rampage}
Stlth    ++........             o - amulet "Dumal" {rElec Regen+ Str-2 Int+4 Dex+8}
HPRegen  1.36/turn              V - ring "Fasez" {Fly rF++ Int+6 Dex+2}
MPRegen  0.30/turn              p - ring of magical power

@: channeling, flying
A: no striking features
}: 2/15 runes: decaying, gossamer
a: Renounce Religion, Evoke Invisibility, Channel Magic, Forget Spell, Divine
Exegesis


You were on level 3 of the Vaults.
You worshipped Sif Muna.
Sif Muna was greatly pleased with you.
You visited 7 branches of the dungeon, and saw 35 of its levels.
You also visited: Bailey.

You collected 3428 gold pieces.
You spent 1445 gold pieces at shops.

Inventory:

Hand Weapons
 a - the +9 demon blade of Juph (weapon) {drain, Contam rElec rC++ rCorr}
   (You acquired it on level 6 of the Lair of Beasts)

   A truly terrible weapon, it drains the life of any living foe it strikes.
   rC:        It greatly protects you from cold.
   rElec:     It insulates you from electricity.
   Contam:    It causes magical contamination when unequipped.
   rCorr:     It protects you from acid and corrosion.
Missiles
 k - a throwing net
 w - 16 curare-tipped darts
Armour
 f - the +1 pair of gloves "Himparih" (worn) {+Inv Will+}
   (You bought it in a shop on level 1 of the Orcish Mines)

   +Inv:      It lets you turn invisible.
   Will:      It increases your willpower.
 i - +0 fire dragon scales
 q - the +2 cloak of the Forgotten Deaths (worn) {Str+4}
   (You acquired it on level 3 of the Swamp)

   Str:       It affects your strength (+4).
 G - +1 swamp dragon scales (worn)
 J - a +1 helmet of intelligence (worn)
 K - the +2 buckler of the Pirate (worn) {rC+ Will+}
   (You bought it in a shop on level 6 of the Dungeon)

   rC:        It protects you from cold.
   Will:      It increases your willpower.
 U - a +2 pair of boots of rampaging (worn)
Magical Staves
 t - a staff of conjuration
Jewellery
 b - a +6 ring of strength
 d - an amulet of reflection
 o - the amulet "Dumal" (around neck) {rElec Regen+ Str-2 Int+4 Dex+8}
   (You found it on level 3 of the Vaults)

   [amulet of regeneration]

   Str:       It affects your strength (-2).
   Int:       It affects your intelligence (+4).
   Dex:       It affects your dexterity (+8).
   rElec:     It insulates you from electricity.
   Regen:     It increases your rate of health regeneration.
 p - a ring of magical power (right hand)
 R - the amulet of the Four Winds {rN+ Will+++ Clar}
   (You took it off a yaktaur captain on level 15 of the Dungeon)

   [amulet of nothing]

   rN:        It protects you from negative energy.
   Clar:      It protects you against confusion.
   Will:      It greatly increases your willpower.
 T - a ring of fire
 V - the ring "Fasez" (left hand) {Fly rF++ Int+6 Dex+2}
   (You acquired it on level 14 of the Dungeon)

   [ring of intelligence]

   Int:       It affects your intelligence (+6).
   Dex:       It affects your dexterity (+2).
   rF:        It greatly protects you from fire.
   Fly:       It grants you flight.
 X - a ring of see invisible
Wands
 h - a wand of flame (15)
 m - a wand of paralysis (12)
 v - a wand of digging (8)
 y - a wand of iceblast (61)
 O - a wand of acid (13)
Scrolls
 l - a scroll of enchant weapon
 z - a scroll of blinking
 A - 3 scrolls of silence
 B - 10 scrolls of identify
 D - a scroll of brand weapon
 H - 3 scrolls of amnesia
 I - a scroll of fog
 L - 7 scrolls of teleportation
 M - 7 scrolls of magic mapping
 W - 4 scrolls of summoning
 Z - 3 scrolls of fear
Potions
 c - 3 potions of heal wounds
 e - 2 potions of magic
 g - 6 potions of ambrosia
 j - 2 potions of brilliance
 n - 2 potions of might
 r - a potion of haste
 x - 7 potions of curing
 C - 3 potions of resistance
 F - a potion of berserk rage
 Q - a potion of mutation
 S - 2 potions of cancellation
Miscellaneous
 s - a condenser vane
 u - a phantom mirror
 P - a lightning rod (4/4)


   Skills:
 + Level 9.9 Fighting
 + Level 13.1 Long Blades
 + Level 10.1 Armour
 + Level 10.2 Dodging
 - Level 2.0 Stealth
 - Level 4.0 Shields
 + Level 11.1 Spellcasting
 - Level 13.2 Conjurations
 - Level 4.5 Summonings
 - Level 1.4 Necromancy
 + Level 21.3 Fire Magic
 - Level 10.4 Air Magic
 - Level 13.2 Invocations


You had 4 spell levels left.
You knew the following spells:

 Your Spells              Type           Power      Damage    Failure   Level
a - Ignition              Fire           54%        3d15      3%          8
b - Starburst             Conj/Fire      49%        6d14      1%          6
c - Sticky Flame          Conj/Fire      99%        2d11      1%          4
d - Fireball              Conj/Fire      49%        3d19      1%          5
e - Stone Arrow           Conj/Erth      100%       3d13      1%          3
f - Inner Flame           Hex/Fire       79%        N/A       1%          3
h - Lightning Bolt        Conj/Air       41%        1d60      1%          5
i - Animate Skeleton      Necr           62%        N/A       1%          1
j - Iskenderun's Mystic   Conj/Tloc      62%        2d13      2%          4

Your spell library contained the following spells:

 Spells                   Type           Power      Damage    Failure   Level
 Foxfire                  Conj/Fire      100%       2x1d9     0%          1
 Magic Dart               Conj           100%       1d8       0%          1
 Conjure Flame            Conj/Fire      99%        6-21      0%          3
 Pain                     Necr           100%       1d9       1%          1
 Shock                    Conj/Air       100%       1d9       1%          1
 Summon Small Mammal      Summ           100%       N/A       1%          1
 Corpse Rot               Necr/Air       N/A        N/A       1%          2
 Searing Ray              Conj           100%       3d7       1%          2
 Static Discharge         Conj/Air       82%        N/A       1%          2
 Call Canine Familiar     Summ           53%        N/A       1%          3
 Dazzling Flash           Conj/Hex       100%       N/A       1%          3
 Ignite Poison            Fire/Tmut/Pois 65%        N/A       1%          3
 Mephitic Cloud           Conj/Pois/Air  68%        N/A       1%          3
 Swiftness                Air            78%        N/A       1%          3
 Airstrike                Air            39%        N/A       1%          4
 Summon Lightning Spire   Summ/Air       66%        N/A       1%          4
 Fulminant Prism          Conj/Hex       31%        3d16      2%          4
 Hailstorm                Conj/Ice       62%        3d13      2%          4
 Beastly Appendage        Tmut           40%        N/A       3%          1
 Freeze                   Ice            80%        1d9       3%          1
 Sting                    Tmut/Pois      80%        1d7       3%          1
 Sublimation of Blood     Necr           15%        N/A       3%          2
 Summon Guardian Golem    Hex/Summ       37%        N/A       4%          3
 Blink                    Tloc           N/A        N/A       5%          2
 Ensorcelled Hibernation  Hex/Ice        40%        N/A       5%          2
 Wereblood                Tmut           20%        N/A       5%          2
 Vampiric Draining        Necr           15%        2d8       6%          3
 Frozen Ramparts          Ice            40%        1d6       11%         3
 Gell's Gravitas          Tloc           10%        N/A       11%         3
 Lesser Beckoning         Tloc           10%        N/A       11%         3
 Spider Form              Tmut/Pois      10%        N/A       11%         3
 Teleport Other           Tloc           20%        N/A       11%         3
 Tukima's Dance           Hex            20%        N/A       11%         3
 Animate Armour           Summ/Erth      74%        N/A       14%         4
 Dispel Undead            Necr           31%        3d14      21%         4
 Cause Fear               Hex            10%        N/A       36%         4
 Leda's Liquefaction      Hex/Erth       10%        N/A       36%         4
 Bolt of Magma            Conj/Fire/Erth 41%        4d17      1%          5
 Iskenderun's Battlesphe  Conj           87%        2d13      1%          5
 Freezing Cloud           Conj/Ice/Air   34%        6-21      4%          5
 Conjure Ball Lightning   Conj/Air       41%        3x3d13    4%          6
 Irradiate                Conj/Tmut      31%        3d24      7%          5
 Silence                  Hex/Air        28%        N/A       12%         5
 Iron Shot                Conj/Erth      31%        9d6       36%         6
 Summon Forest            Summ/Tloc      18%        N/A       38%         5
 Summon Mana Viper        Hex/Summ       37%        N/A       38%         5
 Agony                    Necr           31%        N/A       50%         5
 Excruciating Wounds      Necr           15%        N/A       50%         5
 Spellforged Servitor     Conj/Summ      36%        N/A       63%         7
 Shadow Creatures         Summ           N/A        N/A       65%         6
 Blade Hands              Tmut           10%        N/A       71%         5
 Lee's Rapid Deconstruct  Erth           10%        3d9*      71%         5
 Manifold Assault         Tloc           20%        N/A       71%         5
 Death Channel            Necr           15%        N/A       97%         6
 Fire Storm               Conj/Fire      49%        8d13      97%         9
 Storm Form               Tmut/Air       28%        N/A       98%         7
 Dispersal                Tloc           10%        N/A       99%         6
 Eringya's Noxious Bog    Tmut/Pois      10%        N/A       99%         6
 Invisibility             Hex            10%        N/A       99%         6
 Statue Form              Tmut/Erth      13%        N/A       99%         6
 Monstrous Menagerie      Summ           26%        N/A       99%         7
 Summon Hydra             Summ           26%        N/A       99%         7
 Dragon Form              Tmut           10%        N/A       100%        7
 Discord                  Hex            10%        N/A       100%        8
 Lehudib's Crystal Spear  Conj/Erth      31%        10d8      100%        8
 Chain Lightning          Conj/Air       41%        3d54      100%        9


Dungeon Overview and Level Annotations

Branches:
Dungeon (15/15)            Temple (1/1) D:4            Lair (6/6) D:9
  Swamp (4/4) Lair:4       Spider (4/4) Lair:3        Slime (0/5) Lair:5
    Orc (2/2) D:9             Elf (0/3) Orc:2        Vaults (3/5) D:14
 Depths (0/5) D:15         Bailey (visited)
  Crypt: Vaults:2-3

Altars:
Ashenzari
Cheibriados
Dithmenos
Elyvilon
Fedhas
Gozag
Hepliaklqana
Kikubaaqudgha
Makhleb
Nemelex Xobeh
Okawaru
Qazlal
Ru
Sif Muna
Trog
Uskayaw
Vehumet
Wu Jian
Xom
Yredelemnul
Zin
The Shining One
Beogh
Jiyva

Shops:
D:1 :   D:6 *?[=   D:8 *   D:10 ?   Orc:1 *?[(   Orc:2 !:*!

Annotations:
Spider:1 Roxanne
Vaults:3 Jory


Message History

You feel your power leaking away. Jory bites you but does no damage.
There is a large open door, spattered with blood here.
Casting: Ignition (dangerous; 3% risk of failure)
Confirm with . or Enter, or press ? or * to list all spells.
Aiming: Sticky Flame (safe; 1% risk of failure)
Press: ? - help, Shift-Dir - straight line, f - Jory
Aim: Jory, wielding a +2 antimagic glaive and wearing a +0 chain mail (100% to hit)
The sticky flame hits Jory.
Jory is lightly damaged.
Jory is covered in liquid flames!
Jory burns!
You block Jory's attack. Jory bites you!
Jory draws strength from your injuries!
Jory burns!
Jory blinks!
Jory burns!
Jory burns!
Jory misses you.
Jory burns!
Jory hits you with a +2 antimagic glaive!
You feel your power leaking away. Jory closely misses you.
Jory burns!
Jory stops burning.
Jory hits you with a +2 antimagic glaive!
You feel your power leaking away. Jory bites you.
Jory draws strength from your injuries!
Jory hits you with a +2 antimagic glaive!
You block Jory's attack.
Jory hits you from afar with a +2 antimagic glaive!!
* * * LOW HITPOINT WARNING * * *
Casting: Sticky Flame (safe; 1% risk of failure)
Confirm with . or Enter, or press ? or * to list all spells.
You don't have enough magic to cast this spell.
Unknown command.
There is an open door here.
Sif Muna will no longer gift you books. The deep troll bites you!
* * * LOW HITPOINT WARNING * * *
The deep troll claws you!
* * * LOW HITPOINT WARNING * * *
The deep troll completely misses you.
Jory hits you from afar with a +2 antimagic glaive!!!
You die...

######''######
#......# #......#
#......# #......#
#G.....# ####
#V.....#
#..###T.....#
##....#@######
#.......###
##.........#
#..........#
##.........##
#..........#
#.........##
###.......#########
###....###......#


You could see Jory, a great orb of eyes and a deep troll.

Vanquished Creatures
  Bai Suzhen (Swamp:4)
  Nikola (Vaults:2)
  A tentacled monstrosity (Swamp:2)
  Asterion (Spider:3)
  A quicksilver dragon (Vaults:2)
  A sphinx (Vaults:2)
  2 thorn hunters
  Kirke (Spider:3)
  A tengu reaver (D:15)
  Donald (Spider:3)
  2 fire giants
  6 ghost moths
  6 vault wardens
  An iron dragon (D:15)
  Aizul (Lair:3)
  An orc warlord (Vaults:3)
  14 ironbound preservers
  3 very ugly things
  A spark wasp (shapeshifter) (D:15)
  5 entropy weavers
  2 dire elephants (Vaults:2)
  5 bunyips
  5 spark wasps
  An ettin (D:15)
  5 fire dragons
  3 eleionomae
  5 great orbs of eyes
  5 yaktaur captains
  23 hydras
  An ice dragon (Spider:3)
  A catoblepas (Lair:3)
  3 ghost crabs
  13 boulder beetles
  3 vault guards
  3 ogre magi (D:15)
  5 ironbound thunderhulks
  10 centaur warriors
  The ghost of ioannis32 the Twirler, a journeyman DsBe of Trog (D:11)
  7 alligators
  9 two-headed ogres
  9 ironbound frosthearts
  3 death knights (D:15)
  7 death yaks
  A deep troll earth mage (D:15)
  3 ironbound beastmasters
  4 orc high priests
  Sonja (Lair:6)
  A fire crab (Swamp:4)
  20 slime creatures
  2 deep elf knights (D:15)
  6 goliath frogs
  9 skeletal warriors
  A flayed ghost (D:15)
  A glowing orange brain (Vaults:3)
  A goliath frog (shapeshifter) (D:15)
  52 deep trolls
  5 swamp dragons
  An orange crystal statue (Vaults:1)
  3 spriggan druids
  5 lindwurms
  6 wizards
  A phantasmal warrior (D:15)
  2 bog bodies
  3 deep elf pyromancers
  Pikel (D:6)
  9 orc knights
  6 ironbound convokers
  18 ugly things
  31 wolf spiders
  24 orb spiders
  7 manticores
  4 orc sorcerers (Orc:2)
  A manticore (shapeshifter) (D:15)
  A salamander (shapeshifter) (Vaults:2)
  2 oklob plants (Lair:5)
  2 necromancers (D:14)
  16 elephants
  9 cyclopes
  A moth of wrath (Spider:2)
  A faun (shapeshifter) (D:15)
  3 will-o-the-wisps
  9 vault sentinels
  3 black mambas
  26 cane toads
  Maggie (D:6)
  7 torpor snails
  Psyche (D:10)
  A kobold demonologist (D:14)
  4 rime drakes
  A komodo dragon (shapeshifter) (D:15)
  13 yaktaurs
  2 efreet
  9 komodo dragons
  13 demonic crawlers
  5 freezing wraiths (D:15)
  2 tengu conjurers (D:15)
  6 trolls
  3 polar bears
  A queen bee (Spider:1)
  25 jumping spiders
  3 meliai
  2 bloated husks
  Grinder (D:3)
  10 tyrant leeches
  15 hornets
  37 blink frogs
  23 dream sheep
  A meliai zombie (D:8)
  68 redbacks
  4 wyverns
  10 spriggans
  28 tarantellas
  8 wraiths
  96 yaks
  4 fire bats (Swamp:4)
  A shadow (D:12)
  20 humans (D:14)
  A vampire (D:9)
  A golden eye (shapeshifter) (Vaults:2)
  3 hogs (Spider:3)
  16 vampire mosquitoes
  9 basilisks
  4 steam dragons
  Menkaure (D:5)
  2 acid dragons
  7 wargs
  14 water moccasins
  16 swamp worms
  A cane toad zombie (D:9)
  Duvessa (D:6)
  5 swamp drakes (Swamp:4)
  A hornet zombie (D:8)
  A sky beast (D:7)
  An ogre (shapeshifter) (D:13)
  A necrophage (D:4)
  A boggart (D:15)
  29 orc warriors
  A tengu (shapeshifter) (D:15)
  9 ogres
  16 wolves
  21 centaurs
  2 phantoms
  3 kobold brigands
  16 bullfrogs
  A scorpion (D:6)
  2 gnoll sergeants
  Dowan (D:6)
  30 killer bees
  9 wights (D:7)
  12 electric eels
  3 howler monkeys
  2 hounds
  3 centaur zombies
  21 orc priests
  A bullfrog skeleton (D:7)
  2 iguanas
  15 orc wizards
  A killer bee zombie (D:7)
  4 howler monkey zombies
  7 gnolls
  A howler monkey skeleton (D:7)
  9 adders
  A white imp (D:8)
  2 ufetubi
  A worm (D:3)
  A dart slug (D:2)
  73 orcs
  6 endoplasms
  5 giant cockroaches
  9 goblins
  7 hobgoblins
  3 quokkas
  6 ball pythons
  A bat (shapeshifter) (D:11)
  8 bats
  7 frilled lizards
  27 kobolds
1371 creatures vanquished.

Vanquished Creatures (collateral kills)
  A swamp dragon (Swamp:4)
  2 cane toads (Lair:6)
  A blink frog (Lair:6)
  An orc warrior (Bailey)
  A bullfrog (Lair:6)
  A kobold (D:14)
  2 foxfires
9 creatures vanquished.

Vanquished Creatures (others)
  A lindwurm (Swamp:4)
  A wolf spider (Spider:4)
  A manticore (D:11)
  A human (Spider:3)
  2 steam dragons (Swamp:4)
  A swamp worm (Swamp:2)
  4 swamp drakes (Swamp:4)
  An ice beast (D:8)
  3 orcs (D:8)
  2 briar patches (Swamp:3)
  804 foxfires
  41 fungi
  283 plants
1145 creatures vanquished.

Grand Total: 2525 creatures vanquished

Notes
Turn   | Place    | Note
-------+----------+-------------------------------------------
     0 | D:1      | raph the Human Fire Elementalist began the quest for the
                  | Orb.
     0 | D:1      | Reached XP level 1. HP: 13/13 MP: 3/3
   288 | D:1      | Identified a scroll of acquirement
   288 | D:1      | Acquired the ring of Iserchiss {rElec rF+ rC+}
   535 | D:1      | Reached XP level 2. HP: 19/19 MP: 1/5
   967 | D:1      | Found Atriss's Book Emporium.
  1571 | D:2      | Reached XP level 3. HP: 24/24 MP: 3/6
  1575 | D:2      | Learned a level 3 spell: Conjure Flame
  2757 | D:3      | Reached XP level 4. HP: 30/30 MP: 3/7
  3058 | D:3      | Noticed Grinder
  3220 | D:3      | Reached skill level 4 in Fire Magic
  3578 | D:3      | Reached skill level 1 in Shields
  3940 | D:4      | Noticed an ogre
  3948 | D:4      | Killed an ogre
  3949 | D:4      | Reached XP level 5. HP: 35/35 MP: 2/8
  4021 | D:4      | Noticed a necrophage
  4031 | D:4      | Killed a necrophage
  4032 | D:4      | Reached XP level 6. HP: 34/41 MP: 0/9
  4037 | D:4      | Learned a level 4 spell: Sticky Flame
  5077 | D:4      | Found a staircase to the Ecumenical Temple.
  5086 | Temple   | Entered the Ecumenical Temple
  5259 | Temple   | Became a worshipper of Sif Muna the Loreminder
  5707 | D:5      | Entered Level 5 of the Dungeon
  6283 | D:5      | Noticed Menkaure
  6289 | D:5      | Killed Menkaure
  6290 | D:5      | Reached skill level 5 in Fire Magic
  6290 | D:5      | Reached XP level 7. HP: 46/46 MP: 10/10
  6651 | D:5      | Noticed a wraith
  7657 | D:6      | Found a stormy altar of Qazlal.
  7660 | D:6      | Noticed Dowan
  7661 | D:6      | Noticed Duvessa
  7682 | D:6      | Killed Dowan
  7683 | D:6      | Reached skill level 5 in Conjurations
  7683 | D:6      | Reached XP level 8. HP: 46/52 MP: 5/11
  7687 | D:6      | Killed Duvessa
  7688 | D:6      | Reached skill level 6 in Fire Magic
  7818 | D:6      | Found Lajon's Antique Armour Shoppe.
  7834 | D:6      | Found Qumya's Magic Scroll Shoppe.
  7849 | D:6      | Bought a scroll of blinking for 90 gold pieces
  7849 | D:6      | Bought a scroll of identify for 24 gold pieces
  7849 | D:6      | Bought a scroll of identify for 24 gold pieces
  7849 | D:6      | Bought a scroll of identify for 24 gold pieces
  7868 | D:6      | Reached * piety under Sif Muna
  7918 | D:6      | Found Vomucer's Jewellery Boutique.
  7993 | D:6      | Found Tepur's General Store.
  8369 | D:5      | Reached skill level 7 in Fire Magic
  8649 | D:6      | Reached XP level 9. HP: 57/57 MP: 12/12
  8816 | D:6      | Found a burning altar of Makhleb.
  8845 | D:6      | Noticed Pikel
  8898 | D:6      | Noticed Maggie
  8938 | D:6      | Killed Maggie
  9058 | D:6      | Killed Pikel
  9059 | D:6      | Reached skill level 8 in Fire Magic
  9527 | D:6      | Found a sacrificial altar of Ru.
  9608 | D:6      | Found a glowing golden altar of the Shining One.
 10079 | D:7      | Reached skill level 9 in Fire Magic
 10082 | D:7      | Reached XP level 10. HP: 63/63 MP: 14/14
 10967 | D:7      | Learned a level 5 spell: Fireball
 11289 | D:7      | Reached ** piety under Sif Muna
 11290 | D:7      | Reached skill level 10 in Fire Magic
 12080 | D:3      | Killed Grinder
 12218 | D:6      | Bought a scroll of enchant weapon for 90 gold pieces
 12218 | D:6      | Bought a scroll of enchant armour for 90 gold pieces
 12773 | D:8      | Found Qaigeat's Demolitions Depot.
 13049 | D:8      | Found an ancient bone altar of Kikubaaqudgha.
 13709 | D:8      | Found a hide-covered altar of Uskayaw.
 13843 | D:9      | Noticed a red ugly thing
 13846 | D:9      | Reached skill level 5 in Spellcasting
 13846 | D:9      | Reached skill level 11 in Fire Magic
 14551 | D:9      | Noticed a skeletal warrior
 14560 | D:9      | Noticed a skeletal warrior
 14572 | D:9      | Killed a skeletal warrior
 14573 | D:9      | Reached XP level 11. HP: 51/68 MP: 2/19
 14936 | D:9      | Noticed a skeletal warrior
 15038 | D:8      | Noticed a centaur warrior
 15042 | D:8      | Killed a centaur warrior
 15043 | D:8      | Reached skill level 10 in Conjurations
 15043 | D:8      | Reached skill level 12 in Fire Magic
 15174 | D:8      | Killed a skeletal warrior
 15378 | D:9      | Noticed a skeletal warrior
 15403 | D:8      | Killed a skeletal warrior
 15404 | D:8      | Reached skill level 13 in Fire Magic
 15863 | D:10     | Entered Level 10 of the Dungeon
 16119 | D:10     | Learned a level 3 spell: Stone Arrow
 16122 | D:10     | Noticed a two-headed ogre
 16130 | D:10     | Noticed Psyche
 16145 | D:10     | Killed a two-headed ogre
 16146 | D:10     | Reached skill level 1 in Long Blades
 16146 | D:10     | Reached skill level 1 in Invocations
 16407 | D:10     | Reached skill level 1 in Fighting
 16407 | D:10     | Reached skill level 1 in Armour
 16553 | D:10     | Found Ebosk's Magic Scroll Shoppe.
 16744 | D:10     | Killed Psyche
 16845 | D:10     | Reached *** piety under Sif Muna
 16866 | D:10     | Noticed a two-headed ogre
 16892 | D:10     | Killed a two-headed ogre
 16893 | D:10     | Reached XP level 12. HP: 19/78 MP: 1/21
 17869 | D:11     | Noticed a two-headed ogre
 17881 | D:11     | Killed a two-headed ogre
 18053 | D:11     | Learned a level 3 spell: Inner Flame
 18281 | D:11     | Noticed a six-headed hydra
 18288 | D:11     | Killed a six-headed hydra
 18719 | D:11     | Reached skill level 14 in Fire Magic
 18986 | D:11     | Found a transporter.
 18986 | D:11     | Noticed a boulder beetle
 18987 | D:11     | Noticed a fire giant
 18987 | D:11     | Noticed a two-headed ogre
 18989 | D:11     | Noticed ioannis32's ghost (journeyman DsBe)
 18999 | D:11     | Found a transporter.
 19850 | D:9      | Noticed a skeletal warrior
 20337 | D:9      | Reached **** piety under Sif Muna
 20550 | D:9      | Noticed a two-headed ogre
 20555 | D:9      | Killed a two-headed ogre
 20614 | D:9      | Reached skill level 5 in Long Blades
 20614 | D:9      | Reached skill level 5 in Invocations
 20689 | D:9      | Killed a skeletal warrior
 20690 | D:9      | Reached XP level 13. HP: 61/86 MP: 2/23
 20868 | D:9      | Found a staircase to the Lair.
 21309 | D:9      | Found a staircase to the Orcish Mines.
 22190 | D:6      | Bought a warped buckler for 218 gold pieces
 22190 | D:6      | Identified the +2 buckler of the Pirate {rC+ Will+} (You
                  | bought it in a shop on level 6 of the Dungeon)
 22269 | Lair:1   | Entered Level 1 of the Lair of Beasts
 22372 | Lair:1   | Learned a level 4 spell: Animate Armour
 22878 | Lair:1   | Reached skill level 15 in Fire Magic
 23180 | Lair:1   | You fall into a shaft and drop 1 floor!
 23196 | Lair:2   | Reached skill level 1 in Summonings
 23548 | Lair:2   | You fall into a shaft and drop 1 floor!
 23614 | Lair:3   | Found a hole to the Spider Nest.
 26517 | Lair:3   | Reached skill level 5 in Dodging
 26822 | Lair:3   | Reached XP level 14. HP: 25/96 MP: 21/25
 29418 | Lair:4   | Reached skill level 5 in Fighting
 30137 | Lair:3   | Reached skill level 5 in Armour
 30451 | D:8      | Bought a book of Storms for 320 gold pieces
 30459 | D:8      | Learned a level 5 spell: Lightning Bolt
 31419 | Lair:4   | Reached skill level 1 in Air Magic
 32052 | Lair:4   | Found a staircase to the Swamp.
 32999 | Lair:4   | Reached ***** piety under Sif Muna
 34101 | Lair:5   | Reached skill level 16 in Fire Magic
 35128 | Lair:5   | Received a gift from Sif Muna
 35129 | Lair:5   | Got Sif Muna's Handbook of Curses and Toxins {god gift}
 35361 | Lair:5   | Reached XP level 15. HP: 103/103 MP: 27/27
 35547 | Lair:5   | Found a staircase to the Slime Pits.
 35547 | Lair:5   | Found a viscous altar of Jiyva.
 35802 | Lair:6   | Entered Level 6 of the Lair of Beasts
 36856 | Lair:5   | Learned a level 1 spell: Animate Skeleton
 37138 | Lair:6   | Identified the +1 robe "Hapheh" {Str+4 Dex+3}
 37138 | Lair:6   | Noticed Sonja
 37142 | Lair:6   | Killed Sonja
 37216 | Lair:6   | Acquired the +9 demon blade of Juph {drain, Contam rElec
                  | rC++ rCorr}
 38178 | Lair:6   | HP: 5/105 [elephant (36)]
 39095 | Lair:6   | Reached skill level 1 in Necromancy
 39343 | Lair:6   | Received a gift from Sif Muna
 41082 | Lair:6   | Identified the +11 trident of the Brain {venom, Dex+8
                  | Stlth-}
 41091 | Lair:6   | Reached XP level 16. HP: 90/111 MP: 24/28
 41476 | Orc:1    | Entered Level 1 of the Orcish Mines
 41578 | Orc:1    | Found Dirchidgh's Antique Armour Boutique.
 41594 | Orc:1    | Reached skill level 5 in Air Magic
 41854 | Orc:1    | Found Huthytao's Magic Scroll Emporium.
 41863 | Orc:1    | Bought a scroll of blinking for 90 gold pieces
 41897 | Orc:1    | Found Voiz's Assorted Antiques.
 42065 | Orc:1    | Found Hats's Weapon Emporium.
 42225 | Orc:2    | Entered Level 2 of the Orcish Mines
 43189 | Orc:1    | Bought a pair of smoking gloves for 285 gold pieces
 43189 | Orc:1    | Identified the +1 pair of gloves "Himparih" {+Inv Will+}
                  | (You bought it in a shop on level 1 of the Orcish Mines)
 43415 | Orc:2    | Found a staircase to the Elven Halls.
 44126 | Orc:2    | Found Sated's Distillery.
 44126 | Orc:2    | Found Mudghot's Distillery.
 44127 | Orc:2    | Found Lais's General Store.
 44127 | Orc:2    | Found Jaigul's Book Shoppe.
 44140 | Orc:2    | Bought a potion of heal wounds for 70 gold pieces
 44154 | Orc:2    | Bought a potion of brilliance for 60 gold pieces
 44154 | Orc:2    | Bought a potion of brilliance for 60 gold pieces
 44525 | D:12     | Identified the +9 rapier "Qyiseq" {protect, Str+4}
 44553 | D:12     | Found a flagged portal.
 44561 | D:12     | Received a gift from Sif Muna
 44578 | D:12     | Learned a level 6 spell: Starburst
 44583 | Bailey   | Entered a bailey
 46736 | D:12     | Reached skill level 10 in Invocations
 47672 | D:12     | Identified the +1 dagger "Ruegeczo" {freeze, Fly Int+4
                  | Dex+3}
 49710 | D:14     | Acquired the ring "Fasez" {Fly rF++ Int+6 Dex+2}
 50864 | D:14     | Found a gate to the Vaults.
 51119 | D:14     | Found a broken altar of Ashenzari.
 51383 | D:15     | Entered Level 15 of the Dungeon
 51931 | D:15     | Reached XP level 17. HP: 119/119 MP: 7/29
 51935 | D:15     | Received a gift from Sif Muna
 51951 | D:15     | Got Sif Muna's Disquisition on Glacial Beguiling {god gift}
 52447 | D:15     | Reached skill level 10 in Long Blades
 52627 | D:15     | Found a glowing golden altar of the Shining One.
 52627 | D:15     | Found an iron altar of Okawaru.
 52631 | D:15     | Found an opulent altar of Gozag.
 53163 | D:15     | Reached skill level 17 in Fire Magic
 54330 | D:15     | Noticed a tengu reaver
 54344 | D:15     | Killed a tengu reaver
 56361 | D:15     | Found a staircase to the Depths.
 56683 | D:15     | Reached XP level 18. HP: 99/127 MP: 26/31
 57490 | D:15     | Identified the +5 shortbow "Wekhlog" {flame, rPois rF+ rN+}
 57788 | Swamp:1  | Entered Level 1 of the Swamp
 57794 | Swamp:1  | Learned a level 4 spell: Iskenderun's Mystic Blast
 58262 | Lair:4   | Received a gift from Sif Muna
 58267 | Lair:4   | Got Sif Muna's Handbook of Scorching Arcane Weapons {god
                  | gift}
 60626 | Swamp:2  | Noticed a tentacled monstrosity
 60641 | Swamp:2  | Killed a tentacled monstrosity
 61198 | Swamp:2  | Found a burning altar of Makhleb.
 63141 | Swamp:3  | Acquired the +2 cloak of the Forgotten Deaths {Str+4}
 63594 | Swamp:4  | Entered Level 4 of the Swamp
 63888 | Swamp:4  | Got Osaefade's Almanac of Feathers and the Rocks
 64126 | Swamp:4  | Noticed Bai Suzhen
 64137 | Swamp:4  | Killed Bai Suzhen
 64138 | Swamp:4  | Reached XP level 19. HP: 134/134 MP: 14/32
 65962 | Swamp:4  | Got a decaying rune of Zot
 66145 | Swamp:4  | Identified the +5 hunting sling of Dishonour {freeze, rElec
                  | rF+ Str+4}
 66717 | Spider:1 | Entered Level 1 of the Spider Nest
 66717 | Spider:1 | Noticed Aizul
 66957 | Spider:1 | Reached skill level 10 in Spellcasting
 66963 | Lair:3   | Killed Aizul
 68523 | Spider:1 | Received a gift from Sif Muna
 69150 | Spider:1 | Got Sif Muna's Collected Works on the Harmful Arsonist {god
                  | gift}
 69547 | Spider:1 | Identified Roxanne's Tome of Earth
 69547 | Spider:1 | Noticed Roxanne
 70178 | Spider:1 | Got the Compendium of Intoxication and the Entourage
 71226 | Spider:2 | Reached skill level 18 in Fire Magic
 71439 | Spider:2 | Reached skill level 10 in Air Magic
 73138 | Spider:3 | Noticed Asterion
 73593 | Spider:3 | Received a gift from Sif Muna
 73642 | Spider:3 | Noticed Kirke
 73646 | Spider:3 | Killed Kirke
 73688 | Spider:3 | Noticed Donald
 73699 | Spider:3 | Killed Donald
 73705 | Spider:3 | Reached XP level 20. HP: 27/143 MP: 6/34
 74301 | Spider:3 | Killed Asterion
 74751 | Spider:3 | Got the Guide on Battle Magic
 74762 | Spider:3 | Learned a level 8 spell: Ignition
 75154 | Spider:4 | Entered Level 4 of the Spider Nest
 75887 | Spider:4 | Received a gift from Sif Muna
 75890 | Spider:4 | Got Sif Muna's Grimoire of Conjuration {god gift}
 77107 | Spider:4 | Reached skill level 19 in Fire Magic
 79335 | Spider:4 | Got a gossamer rune of Zot
 80255 | D:11     | Killed ioannis32's ghost
 80646 | Vaults:1 | Entered Level 1 of the Vaults
 81041 | Vaults:1 | Reached skill level 20 in Fire Magic
 81756 | Vaults:1 | Reached XP level 21. HP: 139/148 MP: 35/35
 83785 | Vaults:2 | Noticed Nikola
 83794 | Vaults:2 | Killed Nikola
 84053 | Vaults:2 | Reached skill level 21 in Fire Magic
 84397 | Vaults:2 | Received a gift from Sif Muna
 84400 | Vaults:2 | Got Xeynymo's Tome of the Traveller and Arcane Weapons {god
                  | gift}
 85452 | Vaults:2 | Identified the +10 arbalest of Paper {penet, rPois Str+5}
 86069 | Vaults:2 | Reached XP level 22. HP: 42/157 MP: 20/36
 87556 | Vaults:3 | Reached skill level 10 in Dodging
 87558 | Vaults:3 | Reached skill level 10 in Armour
 88505 | Vaults:3 | Identified the amulet "Dumal" {rElec Regen+ Str-2 Int+4
                  | Dex+8}
 88587 | Vaults:3 | Noticed Jory
 88608 | Vaults:3 | Mangled by Jory

Illustrated notes

Levels and vault maps discovered:
D:1:      dpeg_arrival_three_smaller_balls, layout_loops_ring, serial_shops,
          shop
D:2:      layout_basic
D:3:      layout_loops_ring, uniq_grinder
D:4:      layout_layer_cave, lemuel_temple_firewalk_b, kennysheep_generic_room_5
D:5:      kennysheep_kobold_camp, layout_basic, hangedman_decor_diamond_cutter,
          uniq_menkaure
D:6:      layout_gridville, mainiacjoe_overflow_six_doors_small,
          nicolae_ru_sacrificial_ziggurat, mainiacjoe_overflow_alcove_4,
          grunt_qazlal_sundering, serial_shops, shop_statue,
          nicolae_take_the_stairs, shop, nicolae_lakefront_shop,
          gup_sewer_entry_glass, uniq_pikel, uniq_maggie, uniq_duvessa
D:7:      layout_basic, minmay_manual_mail
D:8:      layout_loops_ring, lemuel_coloured_pillars_altar, kennysheep_mini,
          nicolae_lava_and_water, serial_park_tiny_2, nicolae_blasting_shop
D:9:      layout_basic, erik_lair_orcish_takeover, orc_0_dummy,
          minmay_fractal_squares_5
D:10:     layout_basic, serial_shops, shop, corexii_checkpoint_a,
          serial_bayou_pond_b, uniq_psyche
D:11:     layout_roguey, gammafunk_ghost_arena
D:12:     layout_basic, enter_bailey_5
D:13:     layout_rooms, corexii_hall_statues_l
D:14:     layout_irregular_city, grunt_vaults_entry_tiered,
          cheibrodos_ashenzari_chains
D:15:     hangedman_slaughterboxes
Temple:   nicolae_temple_elliptical
Lair:1:   layout_roguey, minmay_hedge_maze, grunt_forest_small_clearing_treed,
          lemuel_fruit_fields
Lair:2:   wad_woods_settlement, layout_layer_cave, serial_bayou_shore_a
Lair:3:   layout_concentric_octagons, spider_nest_entry_rubble
Lair:4:   layout_small_grid, palyth_hydra_swamp_entry, gauntlet_entry_generic,
          grunt_megastairs_2, serial_bayou_shore_b
Lair:5:   layout_gridlike, slime_altar_1, minmay_lair_oklob_chamber,
          grunt_megastairs_4
Lair:6:   minmay_lair_end_frog_pond, layout_big_grid, serial_bayou_lagoon_a,
          st_stairs_8, uniq_sonja
Swamp:1:  layout_falls_marsh, hangedman_swamp_blocks
Swamp:2:  layout_basic_swamp, nicolae_swamp_godswood,
          infiniplex_staircase_pool_2
Swamp:3:  layout_basic_swamp, hangedman_swamp_lotus
Swamp:4:  swamp_fiery, layout_basic_swamp, uniq_bai_suzhen
Spider:1: layout_spider_delve, special_room [special_room_bee],
          spiders_nest_spider_trap, uniq_aizul, uniq_roxanne
Spider:2: layout_spider_delve, drop_trap
Spider:3: layout_spider_delve, portal_ice_cave_entry_dragon,
          hangedman_spider_mandibles, uniq_donald, uniq_asterion, uniq_kirke
Spider:4: spider_rune_water
Orc:1:    layout_caves, serial_shops, nicolae_shop_stone, shop, shop,
          nicolae_shop_behind_doors, basic_altar
Orc:2:    st_orc_elflike, layout_diamond_mine
Vaults:1: v_misc_10, nicolae_vaults_mini_display_case, v_misc_10,
          nicolae_vaults_statue_guard, vaults_room_ringed_pool, v_misc_22,
          dpeg_vaults_monster_box, layout_vaults_omnigrid
Vaults:2: vaults_mumra_minichess, ontoclasm_vaults_shout,
          vaults_room_fancy_cross, nicolae_vaults_network_periphery,
          hangedman_vaults_pinch, vaults_room_semicircle, v_misc_27, v_misc_11,
          v_alt_pattern_6, ontoclasm_vaults_gateway,
          nicolae_vaults_hallways_thing, vaults_room_grid, vaults_dpeg_hooks,
          ontoclasm_vaults_decontamination, layout_vaults_maze_snakey,
          uniq_margery, uniq_nikola
Vaults:3: advil_vaults_ghost_guards, minmay_crypt_entry_simple_box,
          nicolae_vaults_twisting_passages, v_misc_1, ontoclasm_vaults_idyll,
          st_cross, ontoclasm_vaults_twist, vaults_dpeg_cross,
          ontoclasm_vaults_misaligned, ontoclasm_vaults_chip,
          ontoclasm_vaults_shuriken, v_rooms_4, serial_ice_h,
          layout_vaults_omnibox, serial_shops, shop_statue, uniq_jory

Skill      XL: |  1  2  3  4  5  6  7  8  9 10 11 12 13 14 15 16 17 18 19 20 21 22 |
---------------+-------------------------------------------------------------------+-----
Conjurations   | 2 3 4 5 6 8 9 10 11 12 13 | 13.2
Fire Magic     | 4 5 7 9 11 13 14 15 16 17 18 20 21 | 21.3
Shields        | 1 2 3 4 |  4.0
Spellcasting   | 3 5 6 7 8 9 10 11 | 11.1
Long Blades    | 2 5 6 7 9 10 11 12 13 | 13.1
Invocations    | 2 5 6 8 9 10 11 12 13 | 13.2
Fighting       | 1 3 4 5 6 7 8 9 |  9.9
Armour         | 1 3 4 5 6 7 8 9 10 | 10.1
Dodging        | 4 5 6 7 8 9 10 | 10.2
Summonings     | 2 3 4 |  4.5
Air Magic      | 2 4 6 8 9 10 | 10.4
Necromancy     | 1 |  1.4
Stealth        | |  2.0

Action                   |  1- 3 |  4- 6 |  7- 9 | 10-12 | 13-15 | 16-18 | 19-21 | 22-24 || total
-------------------------+-------+-------+-------+-------+-------+-------+-------+-------++-------
Melee: Spear             |     5 |       |       |       |       |       |       |       ||     5
       Short sword       |     3 |    28 |    17 |       |       |       |       |       ||    48
       Long sword        |       |       |     9 |   157 |   311 |       |       |       ||   477
       Unarmed           |       |       |       |     1 |       |       |       |       ||     1
       Demon blade       |       |       |       |       |    87 |   351 |   493 |    32 ||   963
 Cast: Foxfire           |    71 |    75 |   173 |   102 |    21 |    28 |       |       ||   470
       Sticky Flame      |       |       |    19 |   107 |   182 |    98 |    98 |    13 ||   517
       Fireball          |       |       |       |    68 |   199 |   294 |   215 |    17 ||   793
       Conjure Flame     |       |       |       |     7 |     3 |       |       |       ||    10
       Stone Arrow       |       |       |       |     6 |       |    10 |    27 |       ||    43
       Inner Flame       |       |       |       |       |     8 |    17 |     7 |       ||    32
       Lightning Bolt    |       |       |       |       |    20 |   157 |    68 |     1 ||   246
       Animate Skeleton  |       |       |       |       |    28 |    44 |     7 |       ||    79
       Starburst         |       |       |       |       |       |     7 |       |       ||     7
       Iskenderun's Myst |       |       |       |       |       |     4 |    89 |     6 ||    99
       Animate Armour    |       |       |       |       |       |       |     1 |       ||     1
       Ignition          |       |       |       |       |       |       |    45 |    13 ||    58
Invok: Channel Magic     |       |       |       |     4 |     3 |     8 |    15 |     1 ||    31
Evoke: Wand              |       |       |       |     1 |     1 |     2 |       |       ||     4
       Lightning rod     |       |       |       |       |       |       |     2 |       ||     2
       Condenser vane    |       |       |       |       |       |       |     1 |       ||     1
  Use: Scroll            |     5 |     4 |     6 |    11 |     7 |     7 |    11 |     1 ||    52
       Potion            |       |     1 |     1 |     1 |     3 |     3 |    11 |       ||    20
 Stab: Sleeping          |       |     1 |       |       |       |       |       |       ||     1
Armor: Robe              |     6 |     9 |    13 |       |       |       |       |       ||    28
       Swamp dragon scal |       |       |     1 |    74 |   197 |   179 |   441 |    15 ||   907
       Skin              |       |       |       |     7 |       |       |       |       ||     7
Dodge: Dodged            |    17 |    20 |    46 |   139 |   290 |   205 |   447 |    15 ||  1179
Block: Buckler           |     1 |    34 |    52 |   163 |   358 |   281 |   530 |    22 ||  1441
       Other             |     1 |       |       |     2 |       |       |       |       ||     3
       Reflection        |       |       |     5 |    12 |     2 |    22 |     9 |     4 ||    54
       Rpst.: Long sword |       |       |     1 |    27 |    61 |       |       |       ||    89
       Demon blade       |       |       |       |       |    16 |    43 |    80 |     3 ||   142
